 Dungeon Crawl Stone Soup version 0.27-a0-203-gd48b2df3c9 (webtiles) character file.

Game seed: 11162924649205711029

1850 lessens the Grappler (level 8, -7/74 HPs)
             Began as a Troll Berserker on Jan 31, 2021.
             Was an Elder of Trog.
             Mangled by an orc
             ... wielding a +0 halberd
              (8 damage)
             ... in a bailey.
             The game lasted 00:06:17 (5233 turns).

lessens the Grappler (Troll Berserker)              Turns: 5233, Time: 00:06:17

Health: -7/74      AC:  7    Str: 26    XL:     8   Next: 88%
Magic:  7/7        EV: 10    Int:  3    God:    Trog [****..]
Gold:   206        SH:  0    Dex: 11    Spells: 7/7 levels left

rFire    . . .     SeeInvis .     - Unarmed
rCold    . . .     Faith    .   (no shield)
rNeg     . . .     Spirit   .   a - +1 animal skin
rPois    +         Reflect  .   (helmet restricted)
rElec    .         Harm     .   (no cloak)
rCorr    +         Rampage  .   (gloves unavailable)
Will     .....                  (boots unavailable)
Stlth    +.........             (no amulet)
HPRegen  0.62/turn              e - ring of poison resistance
MPRegen  0.10/turn              g - ring of resist corrosion

@: no status effects
A: large, unfitting armour, claws 3, regeneration 1, shaggy fur 1, tough skin 3
a: Renounce Religion, Berserk, Trog's Hand, Brothers in Arms


You were in a bailey.
You worshipped Trog.
Trog was greatly pleased with you.
You visited 1 branch of the dungeon, and saw 8 of its levels.
You also visited: Bailey.

You collected 348 gold pieces.
You spent 142 gold pieces at shops.

Inventory:

Missiles
 c - 238 stones
 h - 12 javelins
 i - 45 poisoned darts
 x - 27 boomerangs
 E - a throwing net
Armour
 a - a +1 animal skin (worn)
Jewellery
 e - a ring of poison resistance (left claw)
 f - a +4 ring of evasion {unknown}
 g - a ring of resist corrosion (right claw)
 o - an uncursed amulet of reflection {unknown}
 s - an uncursed ring of flight {unknown}
 y - an uncursed amulet of reflection {unknown}
 B - a cursed -4 ring of strength {unknown}
Wands
 p - a wand of acid (8)
 C - a wand of digging (4)
Scrolls
 j - 3 scrolls of teleportation
 k - a scroll of enchant armour
 m - a scroll of fog
 n - a scroll of identify
 q - 2 scrolls of remove curse
 u - 2 scrolls of magic mapping
 w - a scroll of fear {unknown}
Potions
 b - a potion of lignification {unknown}
 d - a potion of berserk rage
 l - a potion of heal wounds
 r - 4 potions of curing
 t - 4 potions of attraction
 v - a potion of magic {unknown}
 z - a potion of haste {unknown}
 A - 4 potions of might {unknown}
 F - a potion of invisibility {unknown}


   Skills:
 - Level 2.4 Fighting
 + Level 3.1 Dodging
 * Level 11.5 Unarmed Combat


You had 7 spell levels left.
You didn't know any spells.
Your spell library was empty.

Dungeon Overview and Level Annotations

Branches:
Dungeon (8/15)             Temple (0/1) D:6          Bailey (1/1)
   Lair: D:8-11

Altars:
Ashenzari
Cheibriados
Nemelex Xobeh
Qazlal
Trog
Uskayaw

Shops:
D:6 ?

Annotations:
D:6 1 runed translucent door, swinepaste's ghost, novice HOGl


Innate Abilities, Weirdness & Mutations

You are too large for most types of armour.
You have claws for hands.
Your natural rate of healing is unusually fast.
You are covered in fur. (AC +1)
You have extremely tough skin. (AC +3)


Message History

You are too injured to fight recklessly!
You are too injured to fight recklessly!
You are too injured to fight recklessly!
The orc hits you but does no damage. x2; The orc hits you with a +0 halberd.
The orc hits you but does no damage.
The orc hits you from afar with a +0 trident.
You barely miss the orc. The orc barely misses you.
The orc hits you from afar with a +0 spear.
You scratch the orc.
You kill the orc!
Trog accepts your kill.
The orc hits you from afar with a +0 trident.
The orc hits you from afar with a +0 spear.
* * * LOW HITPOINT WARNING * * *
The orc hits you from afar with a +0 halberd!
* * * LOW HITPOINT WARNING * * *
The orc hits you from afar with a +0 trident.
* * * LOW HITPOINT WARNING * * *
The orc closely misses you. The orc hits you with a +0 halberd!
You die...

############
#.)@..)..∩.##
#..o))o......#
#..oooo......#
+...........∩#
#............#
#............#
##........∩.##
############


You could see 6 orcs.

Vanquished Creatures
  Grinder (D:4)
  2 phantoms
  3 orc warriors
  A sky beast (D:6)
  A necrophage (D:7)
  An ogre (D:7)
  2 centaurs
  A bullfrog (D:6)
  A water moccasin skeleton (D:7)
  3 orc priests
  2 hounds
  A centaur skeleton (D:4)
  3 orc wizards
  A worker ant (D:4)
  A killer bee zombie (D:4)
  A hound zombie (D:8)
  A hound skeleton (D:6)
  A worker ant zombie (D:5)
  8 gnolls
  A howler monkey skeleton (D:6)
  7 adders
  3 shadow imps
  A white imp (D:5)
  2 ufetubi (D:5)
  2 worms
  2 dart slugs
  2 leopard geckos
  32 orcs
  2 ball pythons
  6 bats
  A giant cockroach (D:2)
  6 goblins
  7 hobgoblins
  12 jackals
  7 kobolds
  2 quokkas
  6 frilled lizards
  2 rats
138 creatures vanquished.

Notes
Turn   | Place    | Note
-------+----------+-------------------------------------------
     0 | D:1      | lessens the Troll Berserker began the quest for the Orb.
     0 | D:1      | Reached XP level 1. HP: 22/22 MP: 0/0
    97 | D:1      | Reached XP level 2. HP: 29/29 MP: 1/1
   547 | D:2      | Reached skill level 4 in Unarmed Combat
   588 | D:2      | Reached XP level 3. HP: 36/36 MP: 2/2
   904 | D:2      | Reached skill level 5 in Unarmed Combat
   904 | D:2      | Reached XP level 4. HP: 42/44 MP: 3/3
   910 | D:2      | Reached ** piety under Trog
  1175 | D:3      | Found a broken altar of Ashenzari.
  1460 | D:3      | Found a sparkling altar of Nemelex Xobeh.
  1717 | D:3      | Reached XP level 5. HP: 50/50 MP: 4/4
  2224 | D:3      | Found a bloodstained altar of Trog.
  2376 | D:4      | Reached skill level 6 in Unarmed Combat
  2434 | D:4      | Found a hide-covered altar of Uskayaw.
  2552 | D:4      | Found a snail-covered altar of Cheibriados.
  2648 | D:4      | Reached XP level 6. HP: 46/59 MP: 5/5
  2875 | D:4      | Noticed Grinder
  2875 | D:4      | Paralysed by Grinder for 7 turns
  2886 | D:4      | Paralysed by Grinder for 6 turns
  2895 | D:4      | Killed Grinder
  2896 | D:4      | Reached skill level 7 in Unarmed Combat
  3022 | D:5      | Entered Level 5 of the Dungeon
  3056 | D:5      | Reached skill level 8 in Unarmed Combat
  3122 | D:5      | Reached *** piety under Trog
  3123 | D:5      | Reached XP level 7. HP: 66/66 MP: 6/6
  3546 | D:6      | Found Bikloed's Magic Scroll Boutique.
  3559 | D:6      | Bought a scroll of magic mapping for 52 gold pieces
  3572 | D:6      | Reached skill level 9 in Unarmed Combat
  3608 | D:6      | Found a runed translucent door.
  3626 | D:6      | Noticed swinepaste's ghost (novice HOGl)
  3626 | D:6      | Noticed a shadow
  3766 | D:6      | Found a staircase to the Ecumenical Temple.
  3943 | D:6      | Reached XP level 8. HP: 53/74 MP: 7/7
  4019 | D:6      | Reached skill level 10 in Unarmed Combat
  4077 | D:6      | Found a stormy altar of Qazlal.
  4308 | D:6      | Bought a scroll of identify for 30 gold pieces
  4308 | D:6      | Bought a scroll of identify for 30 gold pieces
  4308 | D:6      | Bought a scroll of identify for 30 gold pieces
  4637 | D:7      | Reached skill level 11 in Unarmed Combat
  5191 | D:8      | Found a flagged portal.
  5195 | D:8      | Reached **** piety under Trog
  5213 | Bailey   | Entered a bailey
  5233 | Bailey   | HP: 3/74 [orc/+0 halberd (14)]
  5233 | Bailey   | HP: 1/74 [orc/+0 trident (2)]
  5233 | Bailey   | Mangled by an orc

Illustrated notes

Levels and vault maps discovered:
D:1:      lightli_arrival_isolated_outpost, layout_basic, amethyst_killhole
D:2:      layout_loops_ring
D:3:      layout_basic, nicolae_overflow_hidden_temple,
          nicolae_ashenzari_panopticon, marbit_many_paths,
          ebering_dispersal_statue_hall
D:4:      layout_loops_ring, nicolae_overflow_crystal_walls,
          lemuel_crystal_altar, uniq_grinder
D:5:      layout_gridville
D:6:      minmay_angry_zag, layout_cave_pools, nicolae_qazlal_general_emergency,
          minmay_temple_entry_junction, serial_shops, shop,
          ebering_ghost_inner_flame
D:7:      layout_basic
D:8:      layout_basic, lemuel_coloured_pillars_altar, kennysheep_mini_moat,
          enter_bailey_2, uniq_maurice, uniq_harold
Bailey:   bailey_polearm_5, bailey

Skill      XL: |  1  2  3  4  5  6  7  8 |
---------------+-------------------------+-----
Unarmed Combat | 4 5 6 8 9 11 | 11.5
Dodging        | 3 |  3.1
Fighting       | |  2.4

Action                   |  1- 3 |  4- 6 |  7- 9 || total
-------------------------+-------+-------+-------++-------
Melee: Unarmed           |    66 |   120 |   144 ||   330
       Punch             |     1 |     2 |    11 ||    14
Invok: Berserk           |       |     1 |     2 ||     3
  Use: Scroll            |       |       |    13 ||    13
 Stab: Sleeping          |     1 |       |       ||     1
Armor: Animal skin       |    20 |    37 |    45 ||   102
Dodge: Dodged            |    31 |    55 |    73 ||   159

Table legend: (Time is in decaauts)
 A = Elapsed time spent in this place.
 B = Non-inter-level travel time spent in this place.
 C = Inter-level travel time spent in this place.
 D = Time resting spent in this place.
 E = Time spent auto-exploring this place.
 F = Levels seen in this place.
 G = Mean time per level.
                   A        B        C        D        E       F      G
               +--------+--------+--------+--------+--------+-----+--------+
         Total |   5210 |   5026 |    184 |     96 |   4187 |   9 |  578.9 |
       Dungeon |   5193 |   5009 |    184 |     96 |   4185 |   8 |  649.1 |
        Bailey |     17 |     17 |      0 |      0 |      2 |   1 |   17.0 |
               +--------+--------+--------+--------+--------+-----+--------+

Top non-repeatable levels by time:
     D:3: 1145 daAuts
     D:7: 823 daAuts
     D:6: 774 daAuts
     D:4: 702 daAuts
     D:2: 633 daAuts
     D:1: 531 daAuts
     D:5: 528 daAuts
     D:8: 54 daAuts
  Bailey: 17 daAuts
